 Dungeon Crawl Stone Soup version 0.20.0-4-g10b340a (webtiles) character file.

78 Esekla the Sneak (level 4, 0/30 HPs)
             Began as a Vampire Conjurer on May 28, 2017.
             Was an Initiate of Vehumet.
             Slain by a scorpion (8 damage)
             ... on level 3 of the Dungeon.
             The game lasted 00:49:03 (2631 turns).

Esekla the Sneak (Vampire Conjurer)                 Turns: 2631, Time: 00:49:04

Health: 0/30       AC:  4    Str:  7    XL:     4   Next: 15%
Magic:  0/7        EV: 13    Int: 17    God:    Vehumet [......]
Gold:   128        SH:  0    Dex: 15    Spells: 2/8 levels left

rFire    . . .     SeeInvis +   e - +0 dagger
rCold    . . .     Gourm    .   (no shield)
rNeg     . . .     Faith    .   a - +0 robe
rPois    +         Spirit   .   (no helmet)
rElec    .         Reflect  .   p - +0 cloak
rCorr    .         Harm     .   r - +0 pair of gloves
MR       .....                  (no boots)
Stlth    +++.......             (no amulet)
Regen    0.3/turn               o - ring of poison resistance
MPRegen  0.1/turn               (no ring)

@: regenerating quickly
A: fangs 3, see invisible, unbreathing
a: Renounce Religion


You were on level 3 of the Dungeon.
You worshipped Vehumet.
Vehumet was noncommittal.
You were full.

You visited 2 branches of the dungeon, and saw 7 of its levels.

You collected 128 gold pieces.

Inventory:

Hand Weapons
 e - a +0 dagger (weapon)
Missiles
 j - 82 stones (quivered)
 s - 63 sling bullets
 t - 2 tomahawks
Armour
 a - a +0 robe (worn)
 p - a +0 cloak (worn)
 r - a +0 pair of gloves (worn)
Jewellery
 o - a ring of poison resistance (left hand)
 x - an uncursed amulet of rage {unknown}
Scrolls
 f - 2 scrolls of blinking {unknown}
 g - a scroll of identify
 h - a scroll of enchant weapon {unknown}
 i - 2 scrolls of immolation {unknown}
 m - 3 scrolls of noise {unknown}
 n - a scroll of recharging {unknown}
 q - 3 scrolls of remove curse {unknown}
 v - a scroll of magic mapping {unknown}
Potions
 c - 7 potions of blood
 d - 2 potions of agility
 k - 2 potions of haste
 l - 3 potions of curing
 u - a potion of flight
 w - a potion of cancellation {unknown}
Books
 b - a book of Conjurations

   Spells                             Type                      Level
   a - Magic Dart                     Conjuration                  1
   b - Searing Ray                    Conjuration                  2
   c - Dazzling Spray                 Conjuration/Hexes            3
   d - Fulminant Prism                Conjuration/Hexes            4
   e - Force Lance                    Conjuration/Translocation    4
   f - Iskenderun's Mystic Blast      Conjuration                  4


   Skills:
 * Level 1.2 Short Blades
 + Level 2.4 Dodging
 * Level 5.1 Stealth
 + Level 2.6 Spellcasting
 - Level 3.1 Conjurations


You had 2 spell levels left.
You knew the following spells:

 Your Spells              Type           Power        Failure   Level  Hunger
a - Magic Dart            Conj           ##..         4%          1    #......
b - Searing Ray           Conj           ##....       8%          2    ##.....
c - Dazzling Spray        Conj/Hex       #.....       28%         3    ###....


Dungeon Overview and Level Annotations

Branches:
Dungeon (6/15)             Temple (1/1) D:5

Altars:
Gozag
Nemelex Xobeh
Okawaru
Sif Muna
Trog
Vehumet

Annotations:
D:5 Dowan, Duvessa


Innate Abilities, Weirdness & Mutations

Your natural rate of healing is unusually fast.
You have razor-sharp teeth.
You have supernaturally acute eyesight. (SInv)
You can survive without breathing.


Message History

You hit the scorpion but do no damage.
The scorpion is almost dead.
You barely miss the scorpion.
The scorpion is almost dead.
The scorpion barely misses you.
You hit the scorpion.
The scorpion is almost dead.
The scorpion stings you.
You closely miss the scorpion.
The scorpion is almost dead.
The scorpion completely misses you.
You hit the scorpion but do no damage.
You bite the scorpion, but do no damage.
The scorpion is almost dead.
The scorpion stings you!
* * * LOW HITPOINT WARNING * * *
You hit the scorpion.
The scorpion is almost dead.
The scorpion stings you!
You die...

#.#.######.# #.#
#.# #.#.# #.# #.#
#.# #.#.# #.# ..#
#.# #.#.# #.# .##
#.# #.#.# #.# .
#.## #.#.# #.###
#... #.#.######...
.# #### ........#
.# ### #@# .# #..
#s# .# #.# #.# .#
# #.# #.# .##.#
#.#
#.##...>########.#
#................(
#######.######.###
#.## # #.# #


You could see a scorpion.

Vanquished Creatures
  2 adders
  3 worms (D:2)
  2 dart slugs (D:1)
  A leopard gecko (D:4)
  5 giant cockroaches
  5 goblins
  2 hobgoblins (D:3)
  10 jackals
  A ball python (D:3)
  2 bats
  A frilled lizard (D:2)
  2 kobolds (D:1)
  10 rats
46 creatures vanquished.

Notes
Turn   | Place    | Note
-------+----------+-------------------------------------------
     0 | D:1      | Esekla the Vampire Conjurer began the quest for the Orb.
     0 | D:1      | Reached XP level 1. HP: 13/13 MP: 3/3
   175 | D:2      | Reached XP level 2. HP: 14/19 MP: 0/5
   237 | D:2      | Learned a level 2 spell: Searing Ray
   332 | D:2      | Found an iron altar of Okawaru.
   886 | D:1      | Reached XP level 3. HP: 18/24 MP: 0/6
  1273 | D:1      | Found a sparkling altar of Nemelex Xobeh.
  1479 | D:2      | Reached skill level 4 in Stealth
  1647 | D:3      | Reached skill level 1 in Short Blades
  1952 | D:3      | Learned a level 3 spell: Dazzling Spray
  2220 | D:4      | Reached skill level 5 in Stealth
  2220 | D:4      | Reached XP level 4. HP: 30/30 MP: 4/7
  2240 | D:5      | Entered Level 5 of the Dungeon
  2240 | D:5      | Noticed Duvessa
  2240 | D:5      | Noticed Dowan
  2250 | D:5      | Found an opulent altar of Gozag.
  2262 | D:6      | Noticed an ogre
  2293 | D:6      | Noticed a black bear
  2380 | D:6      | Noticed a centaur
  2420 | D:5      | Found a staircase to the Ecumenical Temple.
  2486 | D:5      | Noticed an ogre
  2489 | Temple   | Entered the Ecumenical Temple
  2496 | Temple   | Became a worshipper of Vehumet
  2631 | D:3      | Slain by a scorpion

Skill      XL: |  1  2  3 |
---------------+----------+-----
Conjurations   | 3 |  3.1
Stealth        | 5 |  5.1
Short Blades   | 1 |  1.2
Dodging        | |  2.4
Spellcasting   | |  2.6

Action                   |  1- 3 |  4- 6 || total
-------------------------+-------+-------++-------
Melee: Dagger            |    45 |    12 ||    57
       Unarmed           |     1 |    10 ||    11
       Bite              |     1 |     4 ||     5
Throw: Stone             |     2 |       ||     2
 Cast: Magic Dart        |    40 |     8 ||    48
       Searing Ray       |     7 |     1 ||     8
 Abil: Bat Form          |     1 |     1 ||     2
       End Transformatio |     1 |       ||     1
  Use: Scroll            |     4 |       ||     4
       Potion            |     1 |     7 ||     8
 Stab: Sleeping          |    11 |     1 ||    12
Armor: Robe              |    16 |     4 ||    20
Dodge: Dodged            |    33 |    31 ||    64
